[Event "Team 45 45 League T34"]
[Site "Internet Chess Club"]
[Date "2007.07.31"]
[Round "2"]
[White "JeCrainsDegun"]
[Black "quotha"]
[Result "1-0"]
[WhiteElo "1634"]
[BlackElo "1538"]
[Opening "Ruy Lopez: Bird's defense"]
[ECO "C61"]
[Time "14:30:05"]
[TimeControl "2700+45"]

1. e4 e5 2. Nf3 Nc6 3. Bb5 Nd4 4. Nxd4 exd4 5. O-O Bc5 6. c3 Ne7 7. d3 Ng6 8.
Nd2 dxc3 9. bxc3 O-O 10. d4 Bb6 11. Nc4 c6 12. Nxb6 axb6 13. Bd3 f6 14. Qh5 d5
15. exd5 Qxd5 16. Qxd5+ cxd5 17. f4 Ne7 18. f5 Bd7 19. g4 Kf7 20. Re1 g6 21.
fxg6+ hxg6 22. h3 Rh8 23. Kg2 Rhc8 24. Bb2 Ra5 25. Re3 Bb5 26. Bxb5 Rxb5 27. Re2
Rc7 28. Rae1 Nc8 29. h4 Nd6 30. Kf3 Ne4 31. Rc1 Nd6 32. Rcc2 Nc4 33. Bc1 Ra5 34.
Bh6 Na3 35. Rc1 Nb5 36. Rce1 Rxc3+ 37. Kf4 Rc7 38. Re8 g5+ 39. hxg5 Ra4 40. Rf8+
Kg6 41. Rg8+ Kf7 42. Ree8 Rxd4+ 43. Kg3 fxg5 44. Bxg5 Re4 45. Ref8+ Ke6 46. Rf6+
Ke5 47. Rxb6 Nd6 48. Rf8 Rf7 49. Rxf7 {Black resigns} 1-0

[Event "Team 45 45 League T34"]
[Site "Internet Chess Club"]
[Date "2007.07.29"]
[Round "2"]
[White "fledermaus"]
[Black "Avedldesierto"]
[Result "1-0"]
[WhiteElo "2084"]
[BlackElo "1731"]
[Opening "French: advance, Paulsen attack"]
[ECO "C02"]
[Time "14:17:14"]
[TimeControl "2700+45"]

1. e4 e6 2. d4 d5 3. e5 c5 4. c3 Nc6 5. Nf3 Qb6 6. a3 Bd7 7. b4 cxd4 8. cxd4
O-O-O 9. Be2 f5 10. O-O h6 11. Nc3 g5 12. Na4 Qc7 13. Bb2 Kb8 14. Rc1 a6 15. Nc5
Bxc5 16. Rxc5 b6 17. Rc3 Qb7 18. Qd3 Na7 19. Qxa6 Qxa6 20. Bxa6 b5 21. Rfc1 Ne7
22. Nd2 Nec6 23. Rc5 Ne7 24. Nb3 Rh7 25. Na5 f4 26. Rc7 Nec6 27. Rb7+ Ka8 28.
Nxc6 Nxc6 29. Rxc6 Bxc6 30. Rxh7 Rd7 31. Rxd7 Bxd7 32. a4 bxa4 33. Kf1 Ka7 34.
Bd3 Kb6 35. Ke2 Bb5 36. Kd2 h5 37. Kc3 Be8 38. Ba3 g4 39. g3 f3 40. Bc1 Bf7 41.
Bg5 Be8 42. Be7 Bf7 43. Bc5+ Kb7 44. b5 {Black resigns} 1-0

[Event "Team 45 45 League T34"]
[Site "Internet Chess Club"]
[Date "2007.07.26"]
[Round "2"]
[White "Dbronstein06"]
[Black "Wheels"]
[Result "0-1"]
[WhiteElo "1667"]
[BlackElo "1850"]
[Opening "Sicilian: Sozin with ...a6 and ...b5"]
[ECO "B87"]
[Time "16:33:48"]
[TimeControl "2700+45"]

1. e4 c5 2. Nf3 d6 3. d4 cxd4 4. Nxd4 Nf6 5. Nc3 a6 6. Bc4 e6 7. Bb3 b5 8. f4
Bb7 9. f5 e5 10. Nde2 Nxe4 11. Bd5 Nxc3 12. Nxc3 Qc7 13. O-O Nd7 14. Ne4 Bxd5
15. Qxd5 Nb6 16. Qb3 d5 17. Nc3 Qc4 18. Rd1 Bc5+ 19. Kh1 O-O-O 20. a4 Qxb3 21.
cxb3 b4 22. a5 bxc3 23. axb6 c2 24. Rd2 Kb7 25. Rxc2 Bxb6 26. Bd2 Rc8 27. Rac1
Rxc2 28. Rxc2 Rc8 29. Rc3 Rxc3 30. bxc3 Kc6 31. g4 Ba5 32. b4 Bb6 33. Kg2 Kb5
34. h4 Kc4 35. g5 Kd3 36. Be1 Ke4 37. g6 fxg6 38. fxg6 hxg6 39. Kg3 Kd3 40. Kg4
Bd8 41. Bg3 e4 {White resigns} 0-1

[Event "Team 45 45 League T34"]
[Site "Internet Chess Club"]
[Date "2007.07.28"]
[Round "2"]
[White "jlowe"]
[Black "legartijo"]
[Result "1-0"]
[WhiteElo "1680"]
[BlackElo "1565"]
[Opening "Sicilian: Alapin's variation (2.c3)"]
[ECO "B22"]
[Time "14:04:01"]
[TimeControl "2700+45"]

1. e4 c5 2. c3 d5 3. exd5 Qxd5 4. d4 Nf6 5. Nf3 e6 6. Bd3 Nc6 7. O-O cxd4 8.
cxd4 Bd7 9. Nc3 Qa5 10. Qb3 Bd6 11. Qxb7 Qh5 12. Qxa8+ Ke7 13. Qxh8 Nxd4 14. Ne5
Bxe5 15. f4 Ng4 16. h3 Nf3+ 17. Rxf3 Bd4+ 18. Kh1 Qh4 19. Bd2 Nf2+ 20. Rxf2 Qxf2
21. Rd1 e5 22. Qa8 Bxh3 23. Qf3 {Black forfeits on time} 1-0

[Event "Team 45 45 League T34"]
[Site "Internet Chess Club"]
[Date "2007.07.26"]
[Round "2"]
[White "arriero55"]
[Black "GoIrish"]
[Result "0-1"]
[WhiteElo "1569"]
[BlackElo "1564"]
[Opening "Pirc: Austrian attack, 6.Be3"]
[ECO "B09"]
[Time "18:26:24"]
[TimeControl "2700+45"]

1. e4 d6 2. d4 Nf6 3. Nc3 g6 4. f4 Bg7 5. Nf3 O-O 6. Be3 Nbd7 7. e5 dxe5 8. fxe5
Ne8 9. Bc4 c6 10. O-O Nb6 11. Bb3 Nc7 12. Qd2 Nbd5 13. Nxd5 Nxd5 14. Bh6 e6 15.
c4 Ne7 16. Bg5 f6 17. exf6 Bxf6 18. Bxf6 Rxf6 19. Ng5 Nf5 20. d5 e5 21. Ne4 Rf8
22. a3 Qb6+ 23. c5 Qxb3 24. d6 Qe3+ 25. Qf2 Qxe4 26. Rae1 Qd4 27. Re2 Qxf2+ 28.
Rexf2 Bd7 29. Re1 Rae8 30. Rfe2 e4 31. Rxe4 Rxe4 32. Rxe4 Re8 33. Rb4 Rb8 34.
Kf2 Kf7 35. h3 b5 36. Rf4 Ke6 37. g4 Ng7 38. b4 Re8 39. Rf3 g5 40. Kg3 Rg8 41.
Re3+ Kf6 42. Re7 Rd8 43. Kf3 Ne6 44. Ke4 Nf8 45. Kd4 Ng6 46. Rxh7 Ke6 47. Ke3
Rh8 48. Rxh8 Nxh8 49. Kf3 Ng6 50. Ke4 Ne5 51. Kd4 Nc4 52. a4 a6 53. axb5 axb5
54. Ke4 Kf6 55. Kd4 Ne5 56. Ke3 Be6 57. Kf2 Nd3+ 58. Kg3 Nxb4 59. h4 gxh4+ 60.
Kxh4 Na6 {White resigns} 0-1

[Event "Team 45 45 League T34"]
[Site "Internet Chess Club"]
[Date "2007.07.29"]
[Round "2"]
[White "reinaroja"]
[Black "EdBorowski"]
[Result "1/2-1/2"]
[WhiteElo "2181"]
[BlackElo "2012"]
[Opening "Sicilian: dragon, Yugoslav attack, 9.Bc4"]
[ECO "B77"]
[Time "16:03:37"]
[TimeControl "2700+45"]

1. e4 c5 2. Nf3 Nc6 3. d4 cxd4 4. Nxd4 g6 5. Nc3 Bg7 6. Be3 Nf6 7. Bc4 d6 8. f3
O-O 9. Qd2 Na5 10. Bb3 Nxb3 11. axb3 b6 12. h4 h5 13. Nc6 Qc7 14. Nd5 Nxd5 15.
exd5 Bb7 16. Nd4 Bxd5 17. Nb5 Qb7 18. O-O-O Bc6 19. Nc3 Rfc8 20. Bh6 Bf6 21. Bg5
Bg7 22. Rhe1 Bxc3 23. bxc3 Rc7 24. Kb2 a5 25. Qd4 a4 26. Ra1 b5 27. Qb4 Rac8 28.
Bd2 Be8 29. Rac1 Qd5 30. Qd4 Qc5 31. Qxc5 dxc5 32. Bf4 Ra7 33. bxa4 Rxa4 34. Bg3
e6 35. Ra1 Rd8 36. Red1 Rxd1 37. Rxd1 Ra8 38. Rd6 c4 39. Be5 Kf8 40. Bf6 Rc8 41.
f4 Bc6 42. g3 Ke8 43. Ka3 Be4 44. Kb2 Rb8 45. Kc1 {Game drawn by mutual
agreement} 1/2-1/2

[Event "Team 45 45 League T34"]
[Site "Internet Chess Club"]
[Date "2007.07.31"]
[Round "2"]
[White "mdeluca"]
[Black "Klampin"]
[Result "0-1"]
[WhiteElo "1905"]
[BlackElo "2036"]
[Opening "QGD Slav defense: exchange variation"]
[ECO "D13"]
[Time "15:44:32"]
[TimeControl "2700+45"]

1. d4 d5 2. c4 c6 3. cxd5 cxd5 4. Nf3 Nc6 5. Nc3 Nf6 6. Bf4 a6 7. Rc1 Bf5 8. e3
e6 9. Qb3 Na5 10. Qa4+ b5 11. Nxb5 axb5 12. Bxb5+ Nd7 13. Ne5 Nc6 14. Nxc6 Rxa4
15. Nxd8 Rxa2 16. Rc8 Bb4+ 17. Ke2 Bg4+ 18. f3 Rxb2+ 19. Kd3 Rd2# {White
checkmated} 0-1

[Event "Team 45 45 League T34"]
[Site "Internet Chess Club"]
[Date "2007.07.30"]
[Round "2"]
[White "latayvia"]
[Black "Flying-Tiger"]
[Result "0-1"]
[WhiteElo "1674"]
[BlackElo "1965"]
[Opening "Sicilian: dragon, classical, Richter variation"]
[ECO "B73"]
[Time "20:11:52"]
[TimeControl "2700+45"]

1. e4 c5 2. Nf3 g6 3. d4 cxd4 4. Nxd4 Nc6 5. Be3 Nf6 6. Nc3 Bg7 7. Be2 O-O 8.
O-O d6 9. Qd2 Ng4 10. Bxg4 Bxg4 11. f4 Bd7 12. h3 Qa5 13. f5 Ne5 14. Nb3 Qd8 15.
Qf2 b6 16. Nd5 Bc6 17. Qh4 Bxd5 18. exd5 Rc8 19. Nd4 Rc4 20. b3 Rc7 21. c4 Re8
22. fxg6 hxg6 23. Rad1 Qc8 24. Rf2 a6 25. Nf3 Nxf3+ 26. Rxf3 b5 27. cxb5 axb5
28. Rdf1 e6 29. dxe6 Qxe6 30. Qb4 Rc3 31. Bd4 Rxf3 32. Rxf3 Qe1+ 33. Qxe1 Rxe1+
34. Kf2 Rc1 35. Bxg7 Kxg7 36. Kg3 Rc2 37. Rf2 Rc6 38. Kf4 f5 39. a4 bxa4 40.
bxa4 Rc4+ 41. Kg5 Rxa4 42. Rd2 Ra6 43. Rb2 Ra7 44. Rd2 Rd7 45. g4 fxg4 46. hxg4
d5 47. Kf4 d4 48. Rd3 Kf6 49. g5+ Ke6 50. Ke4 Rd6 51. Kf4 Rd5 52. Ra3 d3 {White
resigns} 0-1

[Event "Team 45 45 League T34"]
[Site "Internet Chess Club"]
[Date "2007.07.26"]
[Round "2"]
[White "ChicoKid"]
[Black "RingLord"]
[Result "1-0"]
[WhiteElo "1946"]
[BlackElo "1543"]
[Opening "Sicilian: Alapin's variation (2.c3)"]
[ECO "B22"]
[Time "17:34:19"]
[TimeControl "2700+45"]

1. e4 c5 2. c3 Nf6 3. e5 Nd5 4. d4 cxd4 5. Nf3 d6 6. Qxd4 e6 7. exd6 Bxd6 8.
Qxg7 Qf6 9. Qxf6 Nxf6 10. Bd3 b6 11. Bh6 Ng4 12. Be4 Nxh6 13. Bxa8 Ba6 14. Nbd2
Ng4 15. Ne4 Bf4 16. h3 Ne5 17. Nxe5 Bxe5 18. O-O-O O-O 19. Rhe1 Bg7 20. Kb1 Nd7
21. Rxd7 Rxa8 22. Red1 h6 23. Nd6 {Black resigns} 1-0

[Event "Team 45 45 League T34"]
[Site "Internet Chess Club"]
[Date "2007.07.28"]
[Round "2"]
[White "fledermaus"]
[Black "gracey"]
[Result "1/2-1/2"]
[WhiteElo "2080"]
[BlackElo "2133"]
[Opening "QGA, Janowsky-Larsen variation"]
[ECO "D25"]
[Time "14:18:59"]
[TimeControl "2700+45"]

1. d4 d5 2. c4 dxc4 3. Nf3 Nf6 4. e3 Bg4 5. Bxc4 e6 6. Nbd2 Nbd7 7. O-O Bd6 8.
Qc2 Qe7 9. e4 e5 10. d5 O-O 11. Ne1 Rfc8 12. f3 Bh5 13. Bb5 a6 14. Bxd7 Nxd7 15.
Nc4 Bc5+ {Game drawn by mutual agreement} 1/2-1/2

[Event "Team 45 45 League T34"]
[Site "Internet Chess Club"]
[Date "2007.07.29"]
[Round "2"]
[White "MiroslavR"]
[Black "morgado"]
[Result "1-0"]
[WhiteElo "2006"]
[BlackElo "1960"]
[Opening "QGD: 3.Nc3"]
[ECO "D31"]
[Time "14:08:55"]
[TimeControl "2700+45"]

1. d4 d5 2. c4 e6 3. Nc3 f5 4. g3 Nf6 5. Bg2 c6 6. Nf3 Bd6 7. O-O Nbd7 8. Qc2
Ne4 9. Bf4 Be7 10. cxd5 Nxc3 11. dxc6 Nb6 12. bxc3 O-O 13. c7 Qe8 14. c4 Bf6 15.
Rad1 Bd7 16. Bd6 Ba4 17. Qd3 Bxd1 18. Rxd1 Qa4 19. Ne5 Bxe5 20. dxe5 Nxc4 21.
Qb3 Qxb3 22. axb3 Na5 23. Bxf8 {Black resigns} 1-0

[Event "Team 45 45 League T34"]
[Site "Internet Chess Club"]
[Date "2007.07.30"]
[Round "2"]
[White "corsair"]
[Black "logicg8"]
[Result "0-1"]
[WhiteElo "1728"]
[BlackElo "1733"]
[Opening "English: Carls' Bremen system"]
[ECO "A22"]
[Time "14:56:23"]
[TimeControl "2700+45"]

1. c4 e5 2. Nc3 Nf6 3. g3 c5 4. Bg2 Nc6 5. Nf3 Be7 6. O-O O-O 7. d3 d6 8. Bd2
Bd7 9. a3 Qc8 10. Re1 Bh3 11. Bh1 Qg4 12. Bg5 Nd4 13. Bxf6 Bxf6 14. Ne4 Be7 15.
Nxd4 cxd4 16. e3 dxe3 17. Qxg4 Bxg4 18. fxe3 Rac8 19. Nc3 b6 20. Nd5 Bg5 21. a4
Bd8 22. b4 a5 23. bxa5 bxa5 24. Rab1 Bf5 25. Rb3 Re8 26. e4 Bd7 27. Nc3 Bg5 28.
Re2 Rb8 29. Reb2 Be3+ 30. Kf1 Rxb3 31. Rxb3 Bd4 32. Nb5 Bc5 33. Bf3 Rb8 34. Kg2
g5 35. h3 Kg7 36. g4 h6 37. Rb1 Kg6 38. Bd1 Kf6 39. Bc2 Rb7 40. Rf1+ Kg6 41. Bd1
f6 42. Kg3 Bc6 43. h4 Bd7 44. hxg5 hxg5 45. Rh1 Rb8 46. Bf3 Bc6 47. Bd1 Bd7 48.
Rf1 Rh8 49. Nc3 Be3 50. Rxf6+ Kxf6 51. Nd5+ Kg6 52. Nxe3 Rb8 53. Nd5 Rb1 54. Be2
Bxa4 55. Nc3 Rb2 56. Kf3 Bc6 57. Bd1 Rb8 58. Ke3 Bd7 59. d4 Ra8 60. dxe5 dxe5
61. Ba4 Bxg4 62. c5 Kf6 63. Nd5+ Kf7 64. c6 Rc8 65. Nb6 Rb8 66. Nc4 Kf6 67. Nd6
Rb4 68. Bc2 a4 69. Bxa4 Rxa4 70. c7 Ra3+ 71. Kd2 Ra6 {White resigns} 0-1

[Event "Team 45 45 League T34"]
[Site "Internet Chess Club"]
[Date "2007.07.25"]
[Round "2"]
[White "Vincenzo76"]
[Black "parrot9"]
[Result "0-1"]
[WhiteElo "1532"]
[BlackElo "1710"]
[Opening "Caro-Kann: exchange variation"]
[ECO "B13"]
[Time "15:34:17"]
[TimeControl "2700+45"]

1. e4 c6 2. d4 d5 3. exd5 cxd5 4. Nf3 Nf6 5. c4 dxc4 6. Qa4+ Bd7 7. Qxc4 e6 8.
Nc3 a6 9. Be2 b5 10. Qb3 Bc6 11. O-O Be7 12. Bf4 O-O 13. Rfd1 Nd5 14. Bg3 Nd7
15. Rac1 Qb6 16. Qc2 Rac8 17. Qb1 Rfd8 18. Nxd5 Bxd5 19. Rxc8 Rxc8 20. Rc1 Rxc1+
21. Qxc1 Qb7 22. b3 h6 23. h3 Bc6 24. Qf4 Nf6 25. Ne5 Bxg2 26. Kh2 Bd5 27. h4
Bd6 28. Qc1 Ne4 29. Nxf7 Bxg3+ 30. fxg3 Qxf7 {White resigns} 0-1

[Event "Team 45 45 League T34"]
[Site "Internet Chess Club"]
[Date "2007.07.27"]
[Round "2"]
[White "OldBoy"]
[Black "boffman"]
[Result "1/2-1/2"]
[WhiteElo "1641"]
[BlackElo "1590"]
[Opening "Ruy Lopez: Anderssen variation"]
[ECO "C77"]
[Time "11:49:14"]
[TimeControl "2700+45"]

1. e4 e5 2. Nf3 Nc6 3. Bb5 a6 4. Ba4 Nf6 5. d3 b5 6. Bb3 Be7 7. Nc3 O-O 8. Nd5
d6 9. c3 Nxd5 10. Bxd5 Bb7 11. b4 Rb8 12. Be3 Bf6 13. Qd2 Ne7 14. Bxb7 Rxb7 15.
O-O Ng6 16. Rab1 Qd7 17. h3 Rbb8 18. d4 exd4 19. Bxd4 Bxd4 20. cxd4 Rbd8 21.
Rbc1 Rfe8 22. Rfe1 Re7 23. Qc2 Rde8 24. Re3 h6 25. Nd2 Nf4 26. Nf3 Qe6 27. d5
Qg6 28. Nh4 Qg5 29. g3 Nxh3+ 30. Kh2 Nf4 31. Ng2 Nxg2 32. Kxg2 Qg6 33. Rce1 h5
34. f3 Qf6 35. Qc3 Qxc3 36. Rxc3 Ra8 37. Ra3 Kf8 38. Rc1 Ke8 39. Rc6 Rd7 40.
Raxa6 Rxa6 41. Rxa6 Rd8 42. Ra5 Rb8 43. a3 Kd7 44. g4 hxg4 45. fxg4 Rb7 46. Ra6
f6 47. Kg3 Ke7 48. Kf4 g6 49. g5 fxg5+ 50. Kxg5 Kf7 {Game drawn by mutual
agreement} 1/2-1/2

[Event "Team 45 45 League T34"]
[Site "Internet Chess Club"]
[Date "2007.07.26"]
[Round "2"]
[White "AlPearson"]
[Black "rkaebi"]
[Result "0-1"]
[WhiteElo "1502"]
[BlackElo "1373"]
[Opening "Caro-Kann: classical variation"]
[ECO "B18"]
[Time "10:08:16"]
[TimeControl "2700+45"]

1. e4 c6 2. d4 d5 3. Nc3 dxe4 4. Nxe4 Bf5 5. Ng3 Bg6 6. Nf3 Nd7 7. Bd3 Bxd3 8.
Qxd3 Ngf6 9. O-O e6 10. Bf4 Nd5 11. Be3 Nxe3 12. Qxe3 Qf6 13. Ne4 Qf5 14. a3 Be7
15. c4 O-O 16. b4 b6 17. Ng3 Qg6 18. d5 cxd5 19. cxd5 Bf6 20. Rad1 exd5 21. Rxd5
Rfe8 22. Qd2 Ne5 23. Nxe5 Bxe5 24. Re1 Bxg3 25. hxg3 Rxe1+ 26. Qxe1 Qc6 27. Qd1
Re8 28. Rd8 Kf8 29. Rd7 Re7 30. Qd6 Qxd7 {White resigns} 0-1

[Event "Team 45 45 League T34"]
[Site "Internet Chess Club"]
[Date "2007.07.27"]
[Round "2"]
[White "Platitude"]
[Black "Fegary"]
[Result "0-1"]
[WhiteElo "1633"]
[BlackElo "1807"]
[Opening "King's Indian: 5.Nf3"]
[ECO "E90"]
[Time "11:05:23"]
[TimeControl "2700+45"]

1. c4 g6 2. Nf3 Bg7 3. d4 d6 4. Nc3 Nf6 5. e4 O-O 6. Bd3 c5 7. O-O cxd4 8. Nxd4
Nc6 9. Nf3 Nd7 10. Rb1 Nc5 11. Bc2 Bg4 12. h3 Bxf3 13. Qxf3 Nd4 14. Qd1 Nce6 15.
Be3 Rc8 16. b3 Qa5 17. Nd5 Rfe8 18. a4 h6 19. b4 Qd8 20. Bb3 Nxb3 21. Qxb3 Ng5
22. e5 e6 23. Nf6+ Bxf6 24. exf6 Qxf6 25. Bxa7 d5 26. cxd5 Rc3 27. Qb2 Nxh3+ 28.
Kh2 Qe5+ 29. f4 Nxf4 30. Rxf4 Qxf4+ 31. g3 Qxg3+ {White resigns} 0-1

[Event "Team 45 45 League T34"]
[Site "Internet Chess Club"]
[Date "2007.07.28"]
[Round "2"]
[White "C-Jones"]
[Black "Sleete"]
[Result "0-1"]
[WhiteElo "1612"]
[BlackElo "1708"]
[Opening "French: exchange variation"]
[ECO "C01"]
[Time "18:09:01"]
[TimeControl "2700+45"]

1. e4 e6 2. d4 d5 3. exd5 exd5 4. Nf3 Bd6 5. Nc3 Nf6 6. Bg5 O-O 7. Be2 Be6 8.
O-O c5 9. Bxf6 Qxf6 10. dxc5 Bxc5 11. Nxd5 Qxb2 12. Nc7 Nc6 13. Nxa8 Rxa8 14.
Qb1 Qc3 15. Bd3 Bd5 16. Qd1 Rd8 17. Qe2 Nd4 18. Nxd4 Bxd4 19. Rab1 Qc6 20. Qg4
Qf6 21. Qf5 Qxf5 22. Bxf5 Bxa2 23. Rxb7 g6 24. Bd3 a5 25. Bb5 Be6 26. Ba4 Kg7
27. Re1 Bc3 28. Reb1 Rd2 29. Bb3 Kf6 30. Rc7 Bd4 31. Rf1 Kg5 32. Bxe6 fxe6 33.
Rc4 Bb2 34. Rc5+ Rd5 35. Rxd5+ exd5 36. Rb1 Bc3 37. Rb3 d4 38. Kf1 Kf4 39. Ke2
Bb4 40. Kd3 Ke5 41. Kc4 Bc3 42. Rb5+ Kf4 43. Kb3 Be1 44. Ka4 Bxf2 45. Kxa5 Bg1
46. h3 Be3 47. Rb7 h5 48. g4 h4 49. Kb4 Kg3 50. c4 dxc3 51. Kxc3 Kxh3 52. Rb4
Kg2 53. Kd3 Kf3 54. Re4 Bf4 55. Re6 h3 56. Re2 Kxg4 57. Ke4 g5 58. Re1 h2 59.
Rb1 Kh3 60. Kf3 Bc7 61. Kf2 g4 62. Rh1 g3+ 63. Kf3 g2 {White resigns} 0-1

[Event "Team 45 45 League T34"]
[Site "Internet Chess Club"]
[Date "2007.07.29"]
[Round "2"]
[White "natethegreat"]
[Black "beerss"]
[Result "1-0"]
[WhiteElo "1405"]
[BlackElo "1394"]
[Opening "Scandinavian: Icelandic gambit"]
[ECO "B01"]
[Time "13:00:59"]
[TimeControl "2700+45"]

1. e4 d5 2. exd5 Nf6 3. c4 e6 4. dxe6 Bxe6 5. Nf3 Nc6 6. d4 Qe7 7. Qe2 Bg4 8.
Qxe7+ Bxe7 9. Be3 Bxf3 10. gxf3 Nb4 11. Na3 O-O-O 12. Bh3+ Kb8 13. Bf5 g6 14.
Bc2 Nc6 15. O-O-O Bxa3 16. bxa3 Nd7 17. Kd2 Nb6 18. Kc3 f6 19. Rb1 Rhe8 20. d5
Ne5 21. Bxb6 cxb6 22. f4 Ng4 23. Rbf1 Re2 24. Bd1 Rxf2 25. Bxg4 Rxa2 26. Ra1 Rf2
27. Raf1 Ra2 28. Kb3 Rd2 29. Be6 f5 30. Rd1 Rf2 31. Rd4 Kc7 32. h4 Rg2 33. d6+
Rxd6 34. Bd5 a5 35. Kc3 Rg3+ 36. Rd3 Rxd3+ 37. Kxd3 b5 38. Re1 bxc4+ 39. Kxc4
b5+ 40. Kc5 Rf6 41. Kxb5 Kd6 42. Re5 h6 43. Kxa5 g5 44. Bb3 gxf4 45. Re1 f3 46.
Rf1 Ke5 47. Rxf3 f4 48. Kb5 Ke4 49. Bd1 Kd5 50. a4 Kd6 51. a5 Kc7 52. Rc3+ Kb8
53. a6 Rd6 54. Bg4 h5 55. Rc8+ Ka7 56. Bf3 Rxa6 57. Ra8# {Black checkmated} 1-0

[Event "Team 45 45 League T34"]
[Site "Internet Chess Club"]
[Date "2007.07.29"]
[Round "2"]
[White "Allessia"]
[Black "Zebbile"]
[Result "1-0"]
[WhiteElo "2287"]
[BlackElo "2074"]
[Opening "Caro-Kann: classical variation"]
[ECO "B18"]
[Time "16:04:44"]
[TimeControl "2700+45"]

1. e4 c6 2. d4 d5 3. Nd2 dxe4 4. Nxe4 Bf5 5. Ng3 Bg6 6. Nf3 Nd7 7. Bd3 e6 8. h4
Ngf6 9. h5 Bxd3 10. Qxd3 h6 11. Bf4 Qa5+ 12. c3 O-O-O 13. b4 Qa3 14. Ne2 Nd5 15.
Bc1 Qa4 16. O-O Bd6 17. a3 N5f6 18. Bf4 Bxf4 19. Nxf4 Rhe8 20. Qe2 Nd5 21. Nxd5
exd5 22. Qd3 Re4 23. Rac1 Rde8 24. c4 Kb8 25. cxd5 cxd5 26. Qc3 Ka8 27. Ne5 f6
28. Nf7 R4e6 29. Qc7 Rb8 30. Nd6 Qa6 31. Nf5 Qd3 32. Qxd7 Qxf5 33. Rc8 a6 34.
Qc7 Rxc8 35. Qxc8+ Ka7 36. f3 Qd3 37. Qxe6 Qxd4+ 38. Kh2 Qh4+ 39. Qh3 Qc4 40.
Rd1 Qc7+ 41. Qg3 Qd7 42. Qf2+ b6 43. Qd2 Qd6+ 44. Kh3 Qe6+ 45. g4 f5 46. Qxd5
fxg4+ 47. fxg4 Qe3+ 48. Kg2 Qe2+ 49. Kh1 Qf2 50. Qd7+ Kb8 51. Qe8+ {Black
resigns} 1-0

[Event "Team 45 45 League T34"]
[Site "Internet Chess Club"]
[Date "2007.07.29"]
[Round "2"]
[White "dalfonso"]
[Black "SuperPeon"]
[Result "1-0"]
[WhiteElo "1944"]
[BlackElo "2076"]
[Opening "Pirc: classical, h3 system"]
[ECO "B08"]
[Time "18:58:52"]
[TimeControl "2700+45"]

1. e4 d6 2. d4 Nf6 3. Nc3 g6 4. Nf3 Bg7 5. h3 O-O 6. Be3 Nc6 7. d5 Nb8 8. Be2 e5
9. Qd2 Nbd7 10. O-O Nh5 11. Nh2 Nf4 12. Bxf4 exf4 13. Qxf4 f5 14. exf5 Ne5 15.
Qd2 Bxf5 16. Ng4 Qh4 17. Ne3 Bxh3 18. gxh3 Qxh3 19. f4 Bh6 20. Ng2 a6 21. Qe3
Qxe3+ 22. Nxe3 Bxf4 23. Ng4 Rae8 24. Nxe5 Rxe5 25. Rf3 h5 26. Raf1 g5 27. Bd3
Kg7 28. Ne2 Be3+ 29. Kg2 Rxf3 30. Rxf3 h4 31. Kh3 a5 32. a4 b6 33. Kg4 Bd2 34.
Rf5 Rxf5 35. Bxf5 Kf6 36. Ng1 Bc1 37. b3 Ke5 38. Nf3+ Kxd5 39. Nxg5 Bxg5 40.
Kxg5 c6 41. Kxh4 b5 42. Kg3 bxa4 43. bxa4 Kc4 44. Kf3 Kb4 45. Bd7 c5 46. Ke4 Kc4
47. Bb5+ Kb4 48. Kd5 c4 49. Kxd6 c3 50. Kd5 Ka3 51. Kc4 Kb2 52. Kd3 Ka3 53. Kxc3
Ka2 54. Kd4 Ka3 55. c4 Kb4 56. c5 {Black resigns} 1-0

[Event "Team 45 45 League T34"]
[Site "Internet Chess Club"]
[Date "2007.07.29"]
[Round "2"]
[White "backfire"]
[Black "hewdondada"]
[Result "1-0"]
[WhiteElo "1873"]
[BlackElo "1815"]
[Opening "QGD Slav defense"]
[ECO "D10"]
[Time "13:33:08"]
[TimeControl "2700+45"]

1. d4 d5 2. c4 c6 3. Nc3 dxc4 4. e3 b5 5. a4 Bd7 6. Qf3 b4 7. Bxc4 e6 8. Ne4 Be7
9. Qg3 g6 10. Nd6+ Bxd6 11. Qxd6 a5 12. Nf3 Bc8 13. Qxd8+ Kxd8 14. Ne5 Ke7 15.
e4 Ba6 16. Bxa6 Rxa6 17. O-O Nd7 18. Rd1 h6 19. f3 Ngf6 20. Nd3 g5 21. h3 Rc8
22. Be3 Ne8 23. h4 f6 24. Rac1 Nd6 25. Kf2 Kf7 26. Nc5 Ra7 27. hxg5 hxg5 28. Rh1
Nxc5 29. Rxc5 Kg6 30. Rhc1 Ra6 31. d5 exd5 32. exd5 Nf5 33. Rxc6 Nxe3 34. Rxc8
Nxd5 35. R1c6 Ra7 36. Rd8 Nf4 37. Rdd6 Re7 38. Rxf6+ Kg7 39. Rxf4 gxf4 40. Rc5
Re3 41. Rxa5 Rb3 42. Rb5 Rxb2+ 43. Kg1 Rb1+ 44. Kh2 b3 45. a5 b2 46. Rb6 Ra1 47.
Rxb2 Rxa5 48. Rb6 Rh5+ 49. Kg1 Rf5 50. Kf2 Rg5 51. Re6 Kf7 52. Rh6 Kg7 53. Rh4
Rf5 54. Ke2 Kf6 55. Kd3 Ke5 56. Rg4 Kd5 57. Rg8 Rf7 58. Rg5+ Ke6 59. Ke4 Rh7 60.
Kxf4 Rh4+ 61. g4 Rh3 62. Rh5 {Black resigns} 1-0

[Event "Team 45 45 League T34"]
[Site "Internet Chess Club"]
[Date "2007.07.29"]
[Round "2"]
[White "primerpaso"]
[Black "Nosferatu1"]
[Result "1-0"]
[WhiteElo "1805"]
[BlackElo "1812"]
[Opening "English: symmetrical variation"]
[ECO "A34"]
[Time "12:06:46"]
[TimeControl "2700+45"]

1. c4 c5 2. Nc3 Nf6 3. g3 d6 4. Bg2 Nc6 5. Nf3 e6 6. d4 cxd4 7. Nxd4 Qb6 8. Nc2
Ne5 9. b3 Bd7 10. O-O Bc6 11. Be3 Qd8 12. f3 a6 13. Bd4 Qc7 14. Qd2 Be7 15. Rac1
O-O 16. e4 Rad8 17. Qe3 Rc8 18. Nb4 Bd7 19. Bb6 Qb8 20. Nd3 Nxd3 21. Qxd3 Bd8
22. Be3 Bc6 23. Rfd1 Bc7 24. a4 h6 25. Qe2 Rfd8 26. f4 b6 27. Bd4 e5 28. fxe5
dxe5 29. Be3 Rxd1+ 30. Rxd1 Rd8 31. Nd5 Nxd5 32. exd5 Bb7 33. Qf2 Bc8 34. Rf1
Rf8 35. b4 Bd7 36. Qc2 b5 37. axb5 axb5 38. c5 f6 39. d6 Bd8 40. c6 Be6 41. c7
Qc8 42. Qc5 Bc4 43. Bd5+ Kh8 44. Rc1 f5 45. d7 {Black forfeits on time} 1-0

[Event "Team 45 45 League T34"]
[Site "Internet Chess Club"]
[Date "2007.07.28"]
[Round "2"]
[White "jayes"]
[Black "BaroneRosso"]
[Result "1-0"]
[WhiteElo "2046"]
[BlackElo "2027"]
[Opening "Sicilian, Szén (`anti-Taimanov') variation"]
[ECO "B44"]
[Time "09:02:41"]
[TimeControl "2700+45"]

1. e4 c5 2. Nf3 e6 3. d4 cxd4 4. Nxd4 Nc6 5. Nb5 d6 6. Bf4 e5 7. Be3 a6 8. N5c3
Nf6 9. Nd2 Ng4 10. Nc4 b5 11. Bb6 Qf6 12. Nd5 Qg6 13. f3 Rb8 14. Nce3 Nxe3 15.
Bxe3 Rb7 16. Qd2 Be6 17. a4 Ne7 18. axb5 axb5 19. Bxb5+ Kd8 20. Qa5+ Kc8 21.
Qa8+ {Black resigns} 1-0

[Event "Team 45 45 League T34"]
[Site "Internet Chess Club"]
[Date "2007.07.26"]
[Round "2"]
[White "Boromir"]
[Black "camembert"]
[Result "1-0"]
[WhiteElo "1932"]
[BlackElo "1864"]
[Opening "QGD Slav: Dutch variation"]
[ECO "D18"]
[Time "13:32:02"]
[TimeControl "2700+45"]

1. d4 d5 2. c4 c6 3. Nf3 Nf6 4. Nc3 dxc4 5. a4 Bf5 6. e3 e6 7. Bxc4 Bb4 8. O-O
Nbd7 9. Qb3 Qb6 10. Bd2 O-O 11. Rfd1 Rad8 12. h3 c5 13. a5 Bxa5 14. Rxa5 Qxa5
15. Nd5 Qxd2 16. Nxf6+ {Black resigns} 1-0